 Dungeon Crawl Stone Soup version 0.18-a0-952-g309898a (webtiles) character file.

2130 M4edhros the Covert (level 9, -2/53 HPs)
             Began as an Octopode Artificer on Dec 31, 2015.
             Was a Priest of Okawaru.
             Slain by Prince Ribbit (15 damage)
             ... on level 6 of the Dungeon.
             The game lasted 00:12:28 (4700 turns).

M4edhros the Covert (Octopode Artificer)            Turns: 4700, Time: 00:12:29

Health: -2/53      AC:  3    Str: 11    XL:     9   Next: 30%
Magic:  11/12      EV: 15    Int: 17    God:    Okawaru [***...]
Gold:   360        SH:  0    Dex: 12    Spells: 1 memorised, 10 levels left

rFire  + . .     SeeInvis .     D - +2 halberd (venom)
rCold  x . .     Gourm    .     (shield currently unavailable)
rNeg   . . .     Faith    .     (helmet restricted)
rPois  .         Spirit   .     h - amulet of regeneration
rElec  +         Dismiss  .     y - ring of fire
rCorr  .         Reflect  .     B - ring of wizardry
SustAt .         Harm     .     (no ring)
MR     .....     Clarity  +     (no ring)
Stlth  ++++++....               (no ring)
                                (no ring)
                                (no ring)
                                (no ring)

@: not resistant to hostile enchantments, very stealthy
A: almost no armour, amphibious, 8 rings, constrict 8, tentacle spike 1, thin
metallic scales 1, camouflage 1, clarity, low mp 1, electricity resistance,
gelatinous body 1
a: Heroism, Renounce Religion


You were on level 6 of the Dungeon.
You worshipped Okawaru.
Okawaru was most pleased with you.
You were hungry.

You visited 2 branches of the dungeon, and saw 9 of its levels.

You collected 360 gold pieces.

Inventory:

Hand Weapons
 a - a +0 short sword
 r - a +0 whip of venom
 D - a +2 halberd of venom (weapon)
Missiles
 e - 255 stones (quivered)
 j - 6 sling bullets
Jewellery
 h - an amulet of regeneration (around mantle)
 p - a +3 amulet of reflection
 y - a ring of fire (left tentacle)
 B - a ring of wizardry (right tentacle)
Wands
 b - a wand of flame (0/48)
 c - a wand of enslavement (0/24)
 d - a wand of random effects (0/48)
 K - a wand of flame (12/48)
 M - a wand of slowing (15/48)
Scrolls
 g - 5 scrolls of identify {unknown}
 k - a scroll of fog {unknown}
 n - 2 scrolls of enchant armour {unknown}
 s - 3 scrolls of noise {unknown}
 t - 2 scrolls of blinking {unknown}
 w - 2 scrolls of teleportation {unknown}
 z - 3 scrolls of amnesia {unknown}
 A - 9 scrolls of remove curse {unknown}
 E - a scroll of fear {unknown}
 I - a scroll of magic mapping {unknown}
 N - a scroll of immolation {unknown}
Potions
 l - 2 potions of cure mutation {unknown}
 o - a potion of lignification {unknown}
 q - 2 potions of poison {unknown}
 x - a potion of brilliance {unknown}
 G - a potion of agility {unknown}
 H - a potion of curing {unknown}
 J - 2 potions of haste {unknown}
 L - a potion of flight {unknown}
 O - a potion of mutation {unknown}
Books
 F - a book of Clouds

   Spells                             Type                      Level
   a - Mephitic Cloud                 Conjuration/Poison/Air       3
   b - Conjure Flame                  Conjuration/Fire             3
   c - Poisonous Cloud                Conjuration/Poison/Air       6
   d - Freezing Cloud                 Conjuration/Ice/Air          6
   e - Ring of Flames                 Charms/Fire                  7
Comestibles
 f - 5 bread rations
 i - 12 fruits
 m - 3 meat rations
 v - 2 beef jerkies
 C - 2 slices of pizza
 P - a chunk of flesh


   Skills:
 + Level 1.4 Fighting
 - Level 1.0 Short Blades
 * Level 6.9 Dodging
 * Level 9.1 Stealth
 * Level 2.9 Spellcasting
 + Level 2.5 Conjurations
 + Level 2.8 Air Magic
 + Level 3.3 Poison Magic
 - Level 5.6 Evocations


You had 10 spell levels left.
You knew the following spells:

 Your Spells              Type           Power        Failure   Level  Hunger
a - Mephitic Cloud        Conj/Pois/Air  ##......     7%          3    ###....


Dungeon Overview and Level Annotations

Branches:
Dungeon (8/15)             Temple (1/1) D:4
   Lair: D:8-11

Altars:
Ashenzari
Cheibriados
Dithmenos
Elyvilon
Fedhas
Gozag
Kikubaaqudgha
Makhleb
Nemelex Xobeh
Okawaru
Qazlal
Ru
Sif Muna
Trog
Vehumet
Xom
Yredelemnul
The Shining One

Annotations:
D:6 M4edhros's ghost, novice OpAr; Prince Ribbit
D:7 M4edhros's ghost, novice OpAr


Innate Abilities, Weirdness & Mutations

You cannot wear most types of armour.
You are amphibious.
You can wear up to eight rings at the same time.
You can use your tentacles to constrict eight enemies at once.
Your skin changes colour to match your surroundings (Stealth).
Your rubbery body absorbs attacks (AC +1).
One of your tentacles bears a spike.
You are partially covered in thin metallic scales (AC +2).
You possess an exceptional clarity of mind.
Your magical capacity is low (-10% MP).
You are resistant to electric shocks.


Message History

You constrict the iguana.
Prince Ribbit gives a loud, deep croak!
The iguana bites you. The iguana bites you!
You slash the iguana!
You kill the iguana!
Okawaru accepts your kill.
Attack whom?
Press: ? - help, Dir - move target cursor, f - Prince Ribbit
Aim: Prince Ribbit You reach to attack!
You closely miss Prince Ribbit.
Prince Ribbit lets out a mournful croak.
Prince Ribbit hits you!
* * * LOW HITPOINT WARNING * * *
Evoke which item? (* to show all) (? for menu, Esc to quit)
Zapping:
c - a wand of enslavement (1/24)
Press: ? - help, Shift-Dir - straight line, f/p - Prince Ribbit
Aim: Prince Ribbit (chance to defeat MR: 40%) Prince Ribbit resists with some effort.
This wand has 0 charges left.
Prince Ribbit hits you!
You die...

###### #....#
#....# #.†..#
########@...###
.......>F.......
#######.....####
......# .#..####
.. #$#..# #. .
...# #. ## #.##
####.## #..
#.....##


You could see Prince Ribbit.

Vanquished Creatures
  Pikel (D:8)
  A sky beast (D:5)
  3 ogres
  An ice beast (D:7)
  A centaur (D:6)
  A big kobold (D:7)
  A wyvern skeleton (D:7)
  3 scorpions (D:5)
  2 crimson imps
  A giant frog zombie (D:5)
  3 orc wizards
  Natasha (twice) (D:2)
  An iron imp (D:3)
  5 orc priests
  3 iguanas
  2 worker ants (D:5)
  A hound zombie (D:5)
  A worker ant zombie (D:7)
  15 gnolls
  12 adders
  A shadow imp (D:5)
  2 worms
  An adder skeleton (D:5)
  3 giant geckos
  15 orcs
  A ball python (D:3)
  8 giant cockroaches
  6 goblins
  8 hobgoblins
  3 jackals
  2 quokkas
  7 bats
  A giant newt (D:4)
  12 kobolds
  11 rats
141 creatures vanquished.

Vanquished Creatures (collateral kills)
  2 iron imps (D:3)
  An adder (D:2)
  A giant newt (D:2)
  3 kobolds (D:2)
7 creatures vanquished.

Vanquished Creatures (others)
  Natasha (D:2)
  A worker ant (D:4)
  A giant gecko (D:2)
  A jackal (D:8)
4 creatures vanquished.

Grand Total: 152 creatures vanquished

Notes
Turn   | Place    | Note
--------------------------------------------------------------
     0 | D:1      | M4edhros the Octopode Artificer began the quest for the Orb.
     0 | D:1      | Reached XP level 1. HP: 13/13 MP: 3/3
   218 | D:1      | Reached XP level 2. HP: 13/18 MP: 4/4
   480 | D:2      | Found an iron altar of Okawaru.
   486 | D:2      | Noticed Natasha
   567 | D:2      | Reached XP level 3. HP: 20/23 MP: 5/5
   617 | D:2      | Killed Natasha
   637 | D:2      | Reached XP level 4. HP: 28/28 MP: 6/6
   671 | D:2      | Became a worshipper of Warmaster Okawaru
   960 | D:2      | Noticed Natasha
   978 | D:2      | Your ally died
  1056 | D:2      | Found a white marble altar of Elyvilon.
  1154 | D:2      | Noticed Natasha
  1162 | D:2      | Reached skill level 4 in Stealth
  1162 | D:2      | Reached XP level 5. HP: 22/33 MP: 7/7
  1221 | D:2      | Killed Natasha
  1537 | D:3      | Reached XP level 6. HP: 38/38 MP: 9/9
  1567 | D:3      | Found a burning altar of Makhleb.
  1597 | D:3      | Reached * piety under Okawaru
  1646 | D:3      | Reached skill level 5 in Stealth
  2035 | D:4      | Reached skill level 5 in Dodging
  2200 | D:4      | Found a staircase to the Ecumenical Temple.
  2216 | Temple   | Entered the Ecumenical Temple
  2545 | D:4      | Reached skill level 6 in Stealth
  2545 | D:4      | Reached XP level 7. HP: 38/43 MP: 10/10
  2846 | D:5      | Entered Level 5 of the Dungeon
  2982 | D:5      | Learned a level 3 spell: Mephitic Cloud
  3303 | D:5      | Reached ** piety under Okawaru
  3303 | D:5      | Reached skill level 1 in Poison Magic
  3303 | D:5      | Reached skill level 5 in Evocations
  3307 | D:5      | Gained mutation: Your magical capacity is low (-10% MP). [mutagenic meat]
  3308 | D:5      | Gained mutation: You possess an exceptional clarity of mind. [mutagenic meat]
  3309 | D:5      | Gained mutation: You are partially covered in thin metallic scales (AC +2). [mutagenic meat]
  3310 | D:5      | Gained mutation: You are resistant to electric shocks. [mutagenic meat]
  3311 | D:5      | Gained mutation: One of your tentacles bears a spike. [mutagenic meat]
  3389 | D:5      | Reached skill level 1 in Spellcasting
  3391 | D:5      | Reached skill level 1 in Air Magic
  3392 | D:5      | Reached skill level 7 in Stealth
  3461 | D:5      | Reached skill level 1 in Conjurations
  3461 | D:5      | Reached XP level 8. HP: 39/48 MP: 10/10
  3759 | D:6      | Found a shattered altar of Ashenzari.
  3780 | D:6      | You fall through a shaft for 2 floors!
  3874 | D:8      | Noticed Pikel
  3901 | D:8      | Killed Pikel
  3901 | D:8      | Reached *** piety under Okawaru
  3901 | D:8      | Reached skill level 8 in Stealth
  4017 | D:8      | Found a stormy altar of Qazlal.
  4067 | D:7      | Reached XP level 9. HP: 36/53 MP: 10/11
  4166 | D:6      | Found a radiant altar of Vehumet.
  4169 | D:6      | Noticed M4edhros's ghost (novice OpAr)
  4240 | D:7      | Noticed M4edhros's ghost (novice OpAr)
  4447 | D:7      | Reached skill level 9 in Stealth
  4691 | D:6      | Noticed Prince Ribbit
  4700 | D:6      | Slain by Prince Ribbit

Vault maps used:
D:1:      dpeg_arrival_pits
D:2:      minmay_kobold_bridge, old_standard_altar, elyvilon_altar_5,
          uniq_natasha
D:3:      demons_altar, minmay_misc_feat_secret_circle
D:4:      minmay_temple_entry_crystal_x, first_bread
D:5:      serial_glass, glass_columns_b, glass_columns_b
D:6:      cheibrodos_ashenzari_chains, johnstein_pakellas_death_squad,
          vehumet_altar_wand_db, uniq_prince_ribbit1
D:7:      roderic_three_in_a_row
D:8:      nicolae_qazlal_general_emergency, kennysheep_mini, grunt_livestock,
          nicolae_ru_path_of_blood, uniq_pikel
Temple:   zaba_magenta_temple_12

Action                   |  1- 3 |  4- 6 |  7- 9 || total
-------------------------+-------+-------+-------++-------
Melee: Short sword       |    49 |    16 |       ||    65
       Whip              |       |   120 |    12 ||   132
       Halberd           |       |       |   153 ||   153
Evoke: Wand              |     4 |     8 |    33 ||    45
  Use: Potion            |       |       |     1 ||     1
 Stab: Sleeping          |     3 |    16 |    17 ||    36
  Eat: Chunk             |       |     5 |    12 ||    17
